 Dungeon Crawl Stone Soup version 0.19.5 (webtiles) character file.

12964 Peloso the Carver (level 11, -16/95 HPs)
             Began as a Minotaur Fighter on Mar 24, 2017.
             Was a High Priest of Okawaru.
             Demolished by a tyrant leech (18 damage)
             ... on level 2 of the Lair of Beasts.
             The game lasted 00:30:51 (11093 turns).

Peloso the Carver (Minotaur Fighter)               Turns: 11093, Time: 00:30:52

Health: -16/95     AC: 23    Str: 26    XL:     11   Next: 69%
Magic:  10/10      EV:  6    Int:  5    God:    Okawaru [*****.]
Gold:   688        SH: 13    Dex: 12    Spells: 0 memorised, 10 levels left

rFire  . . .     SeeInvis .     Y - +6 falchion (holy)
rCold  . . .     Gourm    .     L - +1 crystal plate armour
rNeg   . . .     Faith    +     c - +0 shield
rPois  .         Spirit   .     (helmet restricted)
rElec  .         Reflect  .     z - +0 cloak
rCorr  .         Harm     .     (no gloves)
MR     +....                    (no boots)
Stlth  ..........               F - amulet of faith
                                B - ring of protection from magic
                                E - +4 ring of strength

@: no status effects
A: retaliatory headbutt, horns 2
a: Heroism, Finesse, Renounce Religion


You were on level 2 of the Lair of Beasts.
You worshipped Okawaru.
Okawaru was extremely pleased with you.
You were not hungry.

You visited 3 branches of the dungeon, and saw 12 of its levels.

You collected 688 gold pieces.

Inventory:

Hand Weapons
 a - a +1 long sword
 Q - a +2 hand axe of flaming
 Y - a +6 falchion of holy wrath (weapon)
Armour
 c - a +0 shield (worn)
 j - the +6 scale mail of Crawling {Int+3 SInv, unknown}
   (Okawaru gifted it to you on level 2 of the Lair of Beasts)

   It affects your intelligence (+3).
   It lets you see invisible.
 z - a +0 cloak (worn)
 L - a +1 crystal plate armour (worn)
Jewellery
 g - an uncursed ring of protection from fire
 h - an uncursed ring of ice
 k - an uncursed ring of see invisible
 r - an uncursed ring of flight
 B - a ring of protection from magic (right hand)
 E - a +4 ring of strength (left hand)
 F - an amulet of faith (around neck)
Wands
 N - a wand of lightning (2/15)
 T - a wand of random effects (25/48)
Scrolls
 l - a scroll of enchant weapon
 o - a scroll of identify
 s - 4 scrolls of fear
 u - a scroll of fog
 y - a scroll of holy word {unknown}
 K - 2 scrolls of teleportation {unknown}
 O - a scroll of immolation {unknown}
 R - 2 scrolls of remove curse
 U - a scroll of blinking {unknown}
 X - a scroll of recharging {unknown}
Potions
 b - a potion of haste
 e - 2 potions of flight
 m - 4 potions of berserk rage
 w - a potion of might
 C - 4 potions of heal wounds
 G - 4 potions of curing {unknown}
 M - 2 potions of agility {unknown}
 S - 2 potions of invisibility {unknown}
Comestibles
 f - 10 bread rations
 i - 10 fruits
 q - 5 meat rations
 t - a beef jerky
 Z - 7 royal jellies


   Skills:
 + Level 8.9 Fighting
 + Level 12.4 Long Blades
   Level 5.1 Maces & Flails
 + Level 10.9 Armour
 + Level 3.4 Dodging
 + Level 1.0 Stealth
 + Level 12.0 Shields
 + Level 0.4 Invocations


You had 10 spell levels left.
You didn't know any spells.

Dungeon Overview and Level Annotations

Branches:
Dungeon (9/15)             Temple (1/1) D:5            Lair (2/6) D:8
  Swamp: Lair:2-4    Shoals: Lair:2-4     Snake: Lair:2-4    Spider: Lair:2-4
    Orc: D:9-12

Altars:
Ashenzari
Cheibriados
Dithmenos
Elyvilon
Makhleb
Okawaru
Qazlal
Ru
Sif Muna
Uskayaw
Xom
Yredelemnul
Zin
The Shining One

Shops:
D:5 %


Innate Abilities, Weirdness & Mutations

You reflexively headbutt those who attack you in melee.
You have a pair of horns on your head.


Message History

You miss the tyrant leech. Your headbutt misses the tyrant leech.
The tyrant leech is moderately wounded.
The tyrant leech bites you but does no damage.
Your crystal plate armour prevents you from hitting the tyrant leech.
The tyrant leech is moderately wounded.
The tyrant leech bites you!!
* * * LOW HITPOINT WARNING * * *
The tyrant leech draws strength from your injuries!
You hit the tyrant leech. Your headbutt misses the tyrant leech.
The tyrant leech is lightly wounded.
The wolf pauses to sniff the ground.
You barely miss the tyrant leech. Your headbutt misses the tyrant leech.
The tyrant leech is lightly wounded.
The tyrant leech bites you!!
* * * LOW HITPOINT WARNING * * *
The tyrant leech draws strength from your injuries!
You hit the tyrant leech. Your headbutt misses the tyrant leech.
The tyrant leech is lightly wounded.
The tyrant leech bites you!!
You die...

... .........#...).........
.. ................)#......
♣. ................#.......
.....#...P..#..##....########
...♣.##....#........## #
P.P....................# #
.>....................## ##
P.P.........#P.......## #.
.....♣.P....##@P...#.# ####
.....♣......hw#.....## #...
.............hh...P## ##P.
......).........#### ##.
................## ##.
.................## #P.
.#####....♣♣♣♣♣.#.### #####
### ###.♣♣ ♣♣....###P..# #.♣
♣.........##


You could see a tyrant leech, a polar bear and a wolf.

Vanquished Creatures
  The ghost of Goboxel the Carver, a novice HEGl of Dithmenos (D:8)
  Pikel (D:4)
  The ghost of Lichfox the Reanimator, a novice HuNe (D:6)
  A cyclops (D:9)
  3 spiny frogs
  A queen bee (D:9)
  2 tyrant leeches (Lair:2)
  Grinder (D:5)
  The ghost of Lichfox the Grave Robber, an amateur HuNe (D:5)
  10 blink frogs
  A hippogriff (D:9)
  A spriggan (Lair:2)
  6 yaks
  Eustachio (D:5)
  2 hell hounds (D:8)
  A porcupine (Lair:1)
  8 orc warriors
  Purgy (D:3)
  An ice beast (D:8)
  A necrophage (D:7)
  A black bear (D:6)
  8 ogres
  A wolf (Lair:2)
  6 centaurs
  An eye of draining (D:8)
  A crocodile (Lair:1)
  2 big kobolds
  Blork the orc (D:5)
  A wyvern zombie (D:9)
  9 bullfrogs
  A gnoll sergeant (D:6)
  2 scorpions
  A water moccasin skeleton (D:9)
  14 killer bees
  4 wights (D:7)
  2 howler monkeys
  8 crimson imps
  A quasit (D:6)
  A bullfrog zombie (D:5)
  A centaur zombie (D:8)
  A centaur skeleton (D:6)
  3 hounds
  A jelly (D:7)
  3 orc wizards
  2 orc priests
  Crazy Yiuf (D:3)
  4 iguanas
  Ijyb (D:3)
  Terence (D:3)
  8 worker ants
  A hound zombie (D:9)
  A hound skeleton (D:4)
  A howler monkey skeleton (D:8)
  8 adders
  12 gnolls (D:6)
  2 shadow imps
  An ooze (D:4)
  2 adder skeletons
  An adder zombie (D:5)
  3 worms
  4 dart slugs
  6 leopard geckos
  47 orcs
  5 giant cockroaches
  9 goblins
  4 hobgoblins
  4 jackals
  5 quokkas
  3 ball pythons
  4 bats
  3 frilled lizards
  16 kobolds
  7 rats
285 creatures vanquished.

Vanquished Creatures (others)
  2 centaurs (D:5)
  A crimson imp (D:5)
  An adder (D:5)
  A shadow imp (D:5)
  3 fungi
8 creatures vanquished.

Grand Total: 293 creatures vanquished

Notes
Turn   | Place    | Note
-------+----------+-------------------------------------------
     0 | D:1      | Peloso the Minotaur Fighter began the quest for the Orb.
     0 | D:1      | Reached XP level 1. HP: 19/19 MP: 0/0
   116 | D:1      | Found a shattered altar of Ashenzari.
   311 | D:1      | Reached XP level 2. HP: 27/27 MP: 1/1
  1062 | D:2      | Found a white marble altar of Elyvilon.
  1066 | D:2      | Found a glowing silver altar of Zin.
  1192 | D:2      | Reached XP level 3. HP: 33/33 MP: 2/2
  1462 | D:2      | Found a hide-covered altar of Uskayaw.
  1766 | D:3      | Reached XP level 4. HP: 32/40 MP: 3/3
  1776 | D:3      | Noticed Purgy
  1788 | D:3      | Killed Purgy
  1788 | D:3      | Reached skill level 5 in Armour
  1788 | D:3      | Reached XP level 5. HP: 29/46 MP: 4/4
  1909 | D:3      | Found a shimmering altar of Xom.
  1921 | D:3      | Noticed Terence
  1936 | D:3      | Killed Terence
  1936 | D:3      | Reached skill level 1 in Dodging
  2188 | D:3      | Noticed Ijyb
  2196 | D:3      | Killed Ijyb
  2196 | D:3      | Reached skill level 5 in Shields
  2254 | D:3      | Reached XP level 6. HP: 52/52 MP: 5/5
  2371 | D:3      | Found a runed door.
  2385 | D:3      | Noticed Crazy Yiuf
  2390 | D:3      | Killed Crazy Yiuf
  2390 | D:3      | Reached skill level 5 in Long Blades
  2745 | D:4      | Got a polished dagger
  2767 | D:4      | Found a sacrificial altar of Ru.
  2813 | D:4      | Reached XP level 7. HP: 47/59 MP: 6/6
  2814 | D:4      | Identified the +8 dagger "Sijel" {vamp, +Blink rF+ MR+ Dex-5} (You found it on level 4 of the Dungeon)
  3028 | D:4      | Found a shattered altar of Ashenzari.
  3123 | D:5      | Entered Level 5 of the Dungeon
  3123 | D:5      | Noticed Pikel
  3123 | D:5      | Noticed Blork the orc
  3141 | D:4      | Killed Pikel
  3141 | D:4      | Reached XP level 8. HP: 15/67 MP: 7/7
  3398 | D:5      | Killed Blork the orc
  3398 | D:5      | Reached skill level 5 in Fighting
  3412 | D:5      | Noticed Lichfox's ghost (amateur HuNe)
  3437 | D:5      | Killed Lichfox's ghost
  3445 | D:5      | Found Qieguaw's Food Shop.
  3531 | D:5      | Noticed Grinder
  3545 | D:5      | Killed Grinder
  3823 | D:5      | Found a staircase to the Ecumenical Temple.
  3828 | Temple   | Entered the Ecumenical Temple
  3859 | Temple   | Became a worshipper of Warmaster Okawaru
  3974 | D:5      | Noticed Eustachio
  3989 | D:5      | Killed Eustachio
  4297 | D:6      | Reached * piety under Okawaru
  4297 | D:6      | Reached XP level 9. HP: 74/74 MP: 8/8
  4329 | D:6      | Noticed Lichfox's ghost (novice HuNe)
  4407 | D:6      | Killed Lichfox's ghost
  4407 | D:6      | Reached skill level 1 in Stealth
  4765 | D:6      | Reached ** piety under Okawaru
  4939 | D:6      | Found a burning altar of Makhleb.
  5485 | D:7      | Reached skill level 5 in Maces & Flails
  5561 | D:7      | Reached *** piety under Okawaru
  5694 | D:7      | Reached XP level 10. HP: 64/84 MP: 9/9
  7129 | D:8      | Reached **** piety under Okawaru
  7270 | D:8      | Reached skill level 10 in Long Blades
  7396 | D:8      | Found a deep blue altar of Sif Muna.
  7491 | D:8      | Reached skill level 10 in Shields
  7684 | D:8      | Found a staircase to the Lair.
  7685 | D:8      | Noticed Goboxel's ghost (novice HEGl)
  7707 | D:8      | Killed Goboxel's ghost
  8384 | D:9      | Noticed a cyclops
  8397 | D:9      | Killed a cyclops
  8397 | D:9      | Reached ***** piety under Okawaru
  8925 | D:9      | Reached skill level 10 in Armour
  8944 | D:9      | Received a gift from Okawaru
  8990 | D:9      | Found a stormy altar of Qazlal.
  9075 | D:9      | Reached XP level 11. HP: 93/93 MP: 10/10
  9466 | Lair:1   | Entered Level 1 of the Lair of Beasts
  9803 | Lair:1   | Received a gift from Okawaru
 10520 | Lair:2   | Received a gift from Okawaru
 10680 | Lair:2   | Got an encrusted scale mail {god gift}
 11092 | Lair:2   | HP: 2/95 [tyrant leech (18)]
 11093 | Lair:2   | Demolished by a tyrant leech

Skill      XL: |  1  2  3  4  5  6  7  8  9 10 11 |
---------------+----------------------------------+-----
Shields        | 4 5 6 7 9 10 12 | 12.0
Armour         | 4 5 6 7 8 10 | 10.9
Long Blades    | 3 4 5 7 8 9 11 12 | 12.4
Fighting       | 4 5 6 7 8 |  8.9
Dodging        | 1 2 3 |  3.4
Maces & Flails | 5 |  5.1
Stealth        | 1 |  1.0
Invocations    | |  0.4

Action                   |  1- 3 |  4- 6 |  7- 9 | 10-12 || total
-------------------------+-------+-------+-------+-------++-------
Melee: Long sword        |    77 |   144 |   140 |   325 ||   686
       Headbutt          |     9 |    22 |   100 |   122 ||   253
       Mace              |       |       |   256 |       ||   256
       Falchion          |       |       |       |   227 ||   227
Invok: Heroism           |       |       |     2 |     2 ||     4
  Use: Potion            |       |     1 |       |       ||     1
       Scroll            |       |       |    10 |     4 ||    14
  Eat: Chunk             |     1 |    17 |    17 |    16 ||    51
       Fruit             |       |       |       |     2 ||     2
Armor: Scale mail        |    28 |    44 |    31 |       ||   103
       Crystal plate arm |       |       |   276 |   263 ||   539
Dodge: Dodged            |    28 |    41 |   101 |   118 ||   288
Block: Shield            |    38 |    67 |   303 |   319 ||   727
       Rpst.: Long sword |     2 |    11 |    17 |    13 ||    43
       Falchion          |       |       |       |    14 ||    14
